 Dungeon Crawl Stone Soup version 0.27-a0-550-ge92ec0ca06 (webtiles) character file.

Game seed: 505567749622921995

117322 tilp the Black Belt (level 16, -1/136 HPs)
             Began as an Octopode Transmuter on Mar 6, 2021.
             Was the Champion of Okawaru.
             Slain by a mana viper (16 damage)
             ... on level 2 of the Snake Pit on Mar 7, 2021.
             The game lasted 01:22:58 (36137 turns).

tilp the Black Belt (Octopode Transmuter)          Turns: 36137, Time: 01:22:59

Health: -1/136     AC:  8    Str: 15    XL:     16   Next: 73%
Magic:  24/28      EV: 16    Int: 22    God:    Okawaru [******]
Gold:   2375       SH:  0    Dex: 19    Spells: 1/31 levels left

rFire    x . .     SeeInvis .     - Unarmed
rCold    + + +     Faith    .   (shield currently unavailable)
rNeg     . . .     Spirit   .   (helmet currently unavailable)
rPois    +         Reflect  .   y - amulet of regeneration
rElec    .         Harm     .   n - +6 ring of dexterity
rCorr    +         Rampage  .   H - ring of resist corrosion
Will     +++..                  K - ring of poison resistance
Stlth    +++.......             U - +6 ring of strength
HPRegen  1.32/turn              N - ring of willpower
MPRegen  0.21/turn              (no ring)
                                (no ring)
                                (no ring)

@: lethally poisoned (-1 -> -1), ice-form, wereblooded
A: large, almost no armour, amphibious, 8 rings, (constrict 8), strong-willed 1
a: End Transformation, Renounce Religion, Heroism, Finesse


You were on level 2 of the Snake Pit.
You worshipped Okawaru.
Okawaru was exalted by your worship.
You were a creature of crystalline ice.
You visited 5 branches of the dungeon, and saw 26 of its levels.
You also visited: Ossuary.

You collected 2890 gold pieces.
You spent 515 gold pieces at shops.

Inventory:

Missiles
 d - 4 silver boomerangs
 h - 43 boomerangs
 i - 7 curare-tipped darts {!f}
 k - 4 throwing nets {!f}
 D - 76 poisoned darts (quivered)
 R - 4 boomerangs of dispersal
 Z - 7 atropa-tipped darts
Armour
 l - a +3 buckler (melded)
 G - a +0 hat of willpower
 L - a +2 buckler of cold resistance
 T - a +2 hat (melded)
 W - a +2 buckler of positive energy
 X - a +2 buckler of poison resistance
Jewellery
 n - a +6 ring of dexterity (left front paw)
 y - an amulet of regeneration (around neck)
 C - an amulet of magic regeneration
 H - a ring of resist corrosion (right front paw)
 K - a ring of poison resistance (on tentacle)
 N - a ring of willpower (on tentacle)
 U - a +6 ring of strength (on tentacle)
Wands
 a - a wand of polymorph (24)
 t - a wand of iceblast (13)
 w - a wand of flame (17)
 E - a wand of paralysis (20)
 I - a wand of acid (17)
 Q - a wand of digging (4)
 S - a wand of mindburst (9)
Scrolls
 f - 8 scrolls of amnesia
 g - 4 scrolls of fear
 p - 6 scrolls of enchant weapon
 q - a scroll of immolation
 r - 5 scrolls of teleportation
 s - 4 scrolls of magic mapping
 J - 2 scrolls of silence
 O - 7 scrolls of identify
Potions
 b - a potion of heal wounds
 c - 5 potions of brilliance
 e - 5 potions of attraction
 j - 5 potions of haste
 m - 5 potions of might
 o - 3 potions of cancellation
 u - 13 potions of curing
 v - 4 potions of resistance
 x - 2 potions of invisibility
 z - 2 potions of magic
 A - 2 potions of ambrosia
 B - 6 potions of flight
 F - 3 potions of mutation
 M - 5 potions of lignification
Miscellaneous
 P - a phial of floods
 V - a phantom mirror


   Skills:
 - Level 12.0 Fighting
 - Level 10.0 Dodging
 - Level 6.0 Stealth
 - Level 4.0 Shields
 - Level 15.0 Unarmed Combat
 - Level 8.0 Spellcasting
 + Level 4.6 Conjurations
 - Level 12.0 Transmutations
 - Level 4.0 Ice Magic
 + Level 4.9 Poison Magic
 - Level 10.0 Invocations
 - Level 8.0 Evocations


You had one spell level left.
You knew the following spells:

 Your Spells              Type           Power      Damage    Failure   Level
a - Beastly Appendage     Tmut           100%       N/A       1%          1
b - Wereblood             Tmut           57%        N/A       1%          2
c - Spider Form           Tmut/Pois      23%        N/A       1%          3
d - Ice Form              Ice/Tmut       44%        N/A       2%          4
e - Blade Hands           Tmut           28%        N/A       1%          5
f - Irradiate             Conj/Tmut      22%        3d20      7%          5
g - Eringya's Noxious Bo  Tmut/Pois      23%        N/A       34%         6
h - Apportation           Tloc           16%        N/A       8%          1
i - Ignite Poison         Fire/Tmut/Pois 33%        N/A       2%          3

Your spell library contained the following spells:

 Spells                   Type           Power      Damage    Failure   Level
 Summon Small Mammal      Summ           32%        N/A       8%          1
 Petrify                  Tmut/Erth      35%        N/A       6%          4
 Alistair's Intoxication  Tmut/Pois      30%        N/A       6%          5
 Call Imp                 Summ           8%         N/A       11%         2
 Sublimation of Blood     Necr           4%         N/A       11%         2
 Call Canine Familiar     Summ           8%         N/A       22%         3
 Lesser Beckoning         Tloc           4%         N/A       22%         3
 Summon Guardian Golem    Hex/Summ       8%         N/A       22%         3
 Tukima's Dance           Hex            8%         N/A       22%         3
 Summon Ice Beast         Ice/Summ       17%        N/A       32%         4
 Summon Lightning Spire   Summ/Air       8%         N/A       58%         4
 Invisibility             Hex            8%         N/A       100%        6


Dungeon Overview and Level Annotations

Branches:
Dungeon (15/15)            Temple (1/1) D:5            Lair (6/6) D:11
 Shoals (0/4) Lair:4        Snake (2/4) Lair:2        Slime (0/5) Lair:5
    Orc (2/2) D:10            Elf (0/3) Orc:2        Vaults (0/5) D:14
 Depths (0/5) D:15        Ossuary (visited)

Altars:
Ashenzari
Cheibriados
Dithmenos
Elyvilon
Fedhas
Gozag
Hepliaklqana
Kikubaaqudgha
Makhleb
Nemelex Xobeh
Okawaru
Qazlal
Ru
Sif Muna
Trog
Uskayaw
Vehumet
Wu Jian
Xom
Yredelemnul
Zin
The Shining One
Beogh
Jiyva

Shops:
D:9 (   D:10 (   D:11 *   D:14 :   D:15 *   Orc:2 *([:


Innate Abilities, Weirdness & Mutations

You cannot wear most types of armour.
You are amphibious.
You can wear up to eight rings at the same time.
((You can use your tentacles to constrict eight enemies at once.))
((Your skin changes colour to match your surroundings (Stealth+).))
((Your rubbery body absorbs attacks. (AC +1, EV +1)))
((You are stealthy while swimming. (Stealth+)))
You are strong-willed. (Will+)


Message History

You pummel the naga sharpshooter!! You freeze the naga sharpshooter!
You kill the naga sharpshooter!
Okawaru accepts your kill.
The naga sharpshooter unwields a +2 scimitar of protection.
The naga sharpshooter wields a +0 shortbow.
The naga sharpshooter mumbles some strange words.
The naga sharpshooter magically shoots an arrow.
The arrow hits you!
You punch the naga! You freeze the naga.
The naga is severely wounded.
You feel sick. The naga hits you with a +0 mace!!
* * * LOW HITPOINT WARNING * * *
x2 The naga constricts you.
Unknown command.
You hit the naga. You freeze the naga.
The naga is severely wounded.
You howl as the wereblood boils in your veins!
The naga hits you with a +0 mace!
* * * LOW HITPOINT WARNING * * *
The naga constricts you.
Unknown command.
You hit the naga. You freeze the naga.
You kill the naga!
Okawaru accepts your kill. The mana viper misses you.
Unknown command.
You see here a +0 trident.
You feel sick.
You pummel the mana viper!! You freeze the mana viper!
The mana viper is almost dead.
The black mamba barely misses you. The black mamba bites you!
* * * LOW HITPOINT WARNING * * *
The mana viper bites you!
* * * LOW HITPOINT WARNING * * *
You feel your power leaking away.
You see here a +0 trident.
You hit the mana viper but do no damage.
The mana viper is almost dead.
The black mamba misses you. The mana viper bites you!
You die...

#..###### ###
##..##...#### ..#
#.....).....##..
..####......#.##
..# #..._.....# #
.## #.........#
.# ##
##.....)..## ..#
#
####......####.>#
#<.###.SY#)..#
#..## ##..SN.#
#..# #.....# #..#
##...## #..#
.....# ..#
#.[.....
.....^...
...#......
..####.....#


You could see a naga sharpshooter, a mana viper and a black mamba.

Vanquished Creatures
  An orc warlord (Orc:1)
  An ironheart preserver (D:14)
  A fire dragon (Lair:6)
  Harold (D:7)
  Fannar (D:12)
  Erolcha (D:12)
  A naga warrior (Snake:1)
  3 catoblepae
  2 anacondas
  11 hydras
  5 centaur warriors
  2 boulder beetles
  Erica (D:11)
  2 two-headed ogres
  7 death yaks
  2 naga sharpshooters
  4 orc high priests
  A salamander mystic (Snake:1)
  2 skeletal warriors (D:15)
  2 unseen horrors (D:15)
  A flayed ghost (D:15)
  2 naga ritualists
  A necromancer (D:15)
  5 mana vipers
  3 orc knights (Orc:1)
  A fire giant zombie (D:15)
  2 manticores (D:11)
  2 stone giant zombies (D:15)
  A salamander (Snake:1)
  5 orc sorcerers
  9 oklob plants
  15 ugly things
  2 cyclopes
  A torpor snail (Lair:6)
  17 elephants
  10 black mambas
  4 naga magi
  Maggie (D:7)
  11 cane toads
  Psyche (D:9)
  3 kobold demonologists (D:12)
  3 yaktaurs (D:15)
  4 rime drakes
  10 komodo dragons
  3 tengu conjurers (D:13)
  10 polar bears
  10 trolls
  A polar bear (shapeshifter) (D:15)
  2 hornets
  Prince Ribbit (D:7)
  7 blink frogs
  A harpy skeleton (D:15)
  3 raiju (Lair:6)
  4 slime creatures (D:13)
  6 dream sheep (Lair:6)
  An ettin zombie (D:15)
  Sigmund (D:5)
  2 wraiths
  2 water elementals (D:15)
  A vampire (D:15)
  6 wyverns
  28 yaks
  5 basilisks
  4 steam dragons
  5 vampire mosquitoes
  18 wargs
  Menkaure (D:5)
  4 soldier ants
  3 acid dragons
  9 nagas
  16 water moccasins
  12 hell hounds (Lair:6)
  38 orc warriors
  7 sky beasts
  2 ice beasts
  16 black bears
  2 swamp drakes (Lair:6)
  12 ogres
  3 necrophages
  4 eyes of draining
  33 wolves
  22 centaurs
  2 phantoms
  4 kobold brigands
  25 bullfrogs
  Blork the orc (D:5)
  A wyvern zombie (D:13)
  15 scorpions
  14 killer bees
  13 wights
  A howler monkey (D:4)
  3 bullfrog zombies
  5 electric eels
  5 centaur zombies
  6 hounds
  Crazy Yiuf (D:2)
  A quasit (D:15)
  4 jellies
  18 orc priests
  2 bullfrog skeletons
  7 centaur skeletons
  28 orc wizards
  4 iguanas (Lair:6)
  4 hell rats (Lair:2)
  12 worker ants
  A killer bee zombie (D:10)
  2 hound zombies
  3 mummies (Ossuary)
  15 adders
  9 river rats (Lair:2)
  A scorpion zombie (Ossuary)
  A shadow imp (D:5)
  A white imp (D:7)
  An ooze (D:1)
  2 adder skeletons
  2 adder zombies
  2 worms
  A dart slug (D:1)
  3 leopard geckos
  88 orcs
  A ball python (D:1)
  4 giant cockroaches
  2 gnoll zombies (Ossuary)
  10 goblins
  8 hobgoblins
  2 jackals (D:4)
  28 kobolds
  7 quokkas
  8 bats
  3 frilled lizards
  3 goblin zombies (Ossuary)
  2 hobgoblin zombies (Ossuary)
  A jackal skeleton (D:4)
  6 kobold zombies (Ossuary)
  11 rats
874 creatures vanquished.

Vanquished Creatures (others)
  A swamp dragon (Lair:6)
  7 orcs
  2 bushes (D:6)
  20 fungi
  118 plants
  9 withered plants (D:15)
157 creatures vanquished.

Grand Total: 1031 creatures vanquished

Notes
Turn   | Place    | Note
-------+----------+-------------------------------------------
     0 | D:1      | tilp the Octopode Transmuter began the quest for the Orb.
     0 | D:1      | Reached XP level 1. HP: 13/13 MP: 3/3
    24 | D:1      | Reached skill level 1 in Stealth
   252 | D:1      | Reached XP level 2. HP: 18/18 MP: 3/5
   258 | D:1      | Learned a level 2 spell: Wereblood
   302 | D:1      | Reached XP level 3. HP: 20/23 MP: 4/6
  1665 | D:2      | Found a runed translucent door.
  1666 | D:2      | Noticed Crazy Yiuf
  2057 | D:3      | Reached XP level 4. HP: 5/29 MP: 5/7
  2060 | D:3      | HP: 1/29 [leopard gecko (4)]
  2764 | D:3      | Found a snail-covered altar of Cheibriados.
  3305 | D:3      | Reached skill level 4 in Unarmed Combat
  3305 | D:3      | Reached XP level 5. HP: 24/35 MP: 2/8
  3842 | D:4      | Noticed an ogre
  4129 | D:4      | Reached XP level 6. HP: 30/42 MP: 9/9
  4343 | D:4      | Noticed an orc warrior
  4436 | D:4      | Killed an orc warrior
  4437 | D:4      | Reached skill level 5 in Unarmed Combat
  4631 | D:4      | Reached XP level 7. HP: 42/48 MP: 8/10
  4686 | D:4      | Found a broken altar of Ashenzari.
  4748 | D:4      | Reached skill level 6 in Unarmed Combat
  4764 | D:4      | Learned a level 3 spell: Spider Form
  5136 | D:4      | Reached skill level 1 in Poison Magic
  5237 | D:4      | Noticed a water elemental
  5239 | D:4      | Found a stormy altar of Qazlal.
  5240 | D:4      | Noticed an air elemental
  5240 | D:4      | Noticed a fire elemental
  5781 | D:5      | Entered Level 5 of the Dungeon
  5958 | D:5      | Found a staircase to the Ecumenical Temple.
  5977 | D:5      | Noticed Menkaure
  5982 | D:5      | Noticed Blork the orc
  5983 | D:5      | Killed Menkaure
  5984 | D:5      | Reached XP level 8. HP: 50/54 MP: 10/12
  5992 | Temple   | Entered the Ecumenical Temple
  6152 | Temple   | Became a worshipper of Warmaster Okawaru
  6226 | D:5      | Killed Blork the orc
  6376 | D:5      | Found a hide-covered altar of Uskayaw.
  6393 | D:5      | Reached skill level 5 in Transmutations
  6864 | D:5      | Found a sparkling altar of Nemelex Xobeh.
  6903 | D:5      | Noticed Sigmund
  6916 | D:5      | Killed Sigmund
  7426 | D:6      | Reached skill level 1 in Invocations
  7426 | D:6      | Reached skill level 1 in Evocations
  7439 | D:6      | Found a sand-covered staircase.
  7452 | Ossuary  | Entered an ossuary
  7614 | Ossuary  | Reached * piety under Okawaru
  7694 | Ossuary  | Reached XP level 9. HP: 41/58 MP: 12/15
  9172 | D:6      | Reached ** piety under Okawaru
  9553 | D:6      | Learned a level 4 spell: Ice Form
  9553 | D:6      | You fall into a shaft and drop 2 floors!
  9606 | D:7      | Reached skill level 5 in Fighting
  9615 | D:7      | Reached skill level 7 in Unarmed Combat
 10185 | D:6      | Reached XP level 10. HP: 57/68 MP: 13/16
 10374 | D:6      | Reached *** piety under Okawaru
 10647 | D:6      | Found a blossoming altar of Fedhas.
 11006 | D:7      | Noticed Harold
 11033 | D:7      | Reached skill level 5 in Dodging
 11767 | D:7      | Reached skill level 8 in Unarmed Combat
 11912 | D:7      | Noticed Maggie
 12200 | D:8      | Noticed Prince Ribbit
 12698 | D:9      | Reached skill level 1 in Shields
 13073 | D:9      | Reached skill level 1 in Ice Magic
 13141 | D:9      | Reached **** piety under Okawaru
 13206 | D:9      | Noticed Psyche
 13316 | D:9      | Reached ***** piety under Okawaru
 13573 | D:9      | Reached XP level 11. HP: 72/72 MP: 17/17
 13668 | D:9      | Killed Psyche
 13733 | D:9      | Found Zeettuos's Weapon Emporium.
 13839 | D:9      | Noticed a two-headed ogre
 13848 | D:9      | Killed a two-headed ogre
 13853 | D:9      | Noticed Maurice
 13873 | D:9      | Noticed Maurice
 13873 | D:9      | Maurice changed into Maurice the ogre
 13879 | D:9      | Killed Maurice the ogre
 14069 | D:9      | Noticed Joseph
 14073 | D:9      | Noticed Joseph
 14073 | D:9      | Joseph changed into Joseph the ice beast
 14086 | D:9      | Killed Joseph the ice beast
 14126 | D:9      | Found the +1 cloak of Starlight {*Dazzle EV+4 Stlth--}
 14265 | D:10     | Entered Level 10 of the Dungeon
 14336 | D:10     | Reached skill level 9 in Unarmed Combat
 14351 | D:10     | Identified the +11 dagger of Weduwon {venom, Str+3}
 14551 | D:10     | Found a staircase to the Orcish Mines.
 14768 | D:10     | Found Nutirph's Antique Weapon Shop.
 15467 | D:11     | Noticed a six-headed hydra
 15506 | D:11     | Noticed a manticore
 15528 | D:11     | Killed a manticore
 15633 | D:11     | Learned a level 5 spell: Blade Hands
 15656 | D:11     | Found a staircase to the Lair.
 15809 | D:11     | Noticed Erica
 15823 | D:11     | Found a white marble altar of Elyvilon.
 15830 | D:11     | Gained mutation: You are strong-willed. (Will+) [mutagenic
                  | glow]
 16001 | D:11     | Reached skill level 10 in Unarmed Combat
 16015 | D:11     | Noticed a manticore
 16024 | D:11     | Killed a manticore
 16076 | D:11     | Found Rimpoiw's Assorted Antiques.
 16082 | D:11     | Bought a runed golden ring for 170 gold pieces
 16082 | D:11     | Bought a scroll of identify for 68 gold pieces
 16082 | D:11     | Bought 2 scrolls labelled LENEEL NAJY for 68 gold pieces
 16082 | D:11     | Bought a bronze ring for 170 gold pieces
 16481 | D:11     | Killed a six-headed hydra
 16854 | D:2      | Killed Crazy Yiuf
 17046 | D:7      | Killed Maggie
 17046 | D:7      | Received a gift from Okawaru
 17129 | D:7      | Killed Harold
 17130 | D:7      | Reached skill level 5 in Invocations
 17130 | D:7      | Reached skill level 5 in Evocations
 17130 | D:7      | Reached XP level 12. HP: 38/81 MP: 13/18
 17441 | D:7      | Killed Prince Ribbit
 17753 | D:11     | Killed Erica
 17829 | Lair:1   | Entered Level 1 of the Lair of Beasts
 17998 | Lair:1   | Noticed an eight-headed hydra
 18051 | Lair:1   | Noticed a five-headed hydra
 18064 | Lair:1   | Killed a five-headed hydra
 19199 | Lair:2   | Reached skill level 10 in Fighting
 19322 | Lair:2   | Found a staircase to the Snake Pit.
 19341 | Lair:2   | Noticed a catoblepas
 19341 | Lair:2   | Noticed an eight-headed hydra
 19552 | Lair:2   | Received a gift from Okawaru
 19566 | Lair:2   | Killed a catoblepas
 19567 | Lair:2   | Reached skill level 5 in Stealth
 19804 | Lair:2   | Killed an eight-headed hydra
 19805 | Lair:2   | Reached XP level 13. HP: 59/92 MP: 11/19
 19961 | Lair:2   | Reached skill level 11 in Unarmed Combat
 21051 | Lair:3   | Received a gift from Okawaru
 21052 | Lair:3   | Reached skill level 12 in Unarmed Combat
 22268 | Lair:4   | Found a staircase to the Shoals.
 22512 | Lair:4   | Reached ****** piety under Okawaru
 22641 | Lair:4   | Received a gift from Okawaru
 23021 | Lair:4   | Identified the +4 long sword of Fee Simple {chaos, rN++
                  | MP-9 Int+6}
 23347 | Lair:5   | Found a viscous altar of Jiyva.
 23347 | Lair:5   | Found a staircase to the Slime Pits.
 24217 | Lair:4   | Identified a scroll of acquirement
 24217 | Lair:4   | Acquired a book of Alchemy
 24239 | Lair:6   | Entered Level 6 of the Lair of Beasts
 24239 | Lair:6   | Found a shadowy altar of Dithmenos.
 24413 | Lair:6   | Reached XP level 14. HP: 67/99 MP: 18/21
 24524 | Lair:6   | Identified the +7 great sword of the Shouting Scavenger
                  | {flame, +Fly rC+ Dex+3}
 24615 | Lair:6   | Reached skill level 10 in Invocations
 24907 | Lair:6   | Reached skill level 10 in Transmutations
 25230 | Lair:6   | Identified the +1 ring mail "Wiaxkid" {rF+}
 25872 | Lair:6   | Received a gift from Okawaru
 26035 | Lair:6   | Identified the +11 hand axe of Ykutz {elec, +Fly rF+}
 27417 | Lair:1   | Reached skill level 13 in Unarmed Combat
 27423 | Lair:1   | Reached XP level 15. HP: 73/107 MP: 18/22
 27491 | Lair:1   | Learned a level 1 spell: Apportation
 27495 | Lair:1   | Learned a level 3 spell: Ignite Poison
 27815 | D:12     | Noticed Erolcha
 27845 | D:12     | Killed Erolcha
 27856 | D:12     | Reached skill level 10 in Dodging
 28240 | D:12     | Noticed Fannar
 28258 | D:12     | Killed Fannar
 28480 | Orc:1    | Entered Level 1 of the Orcish Mines
 28611 | Orc:2    | Entered Level 2 of the Orcish Mines
 28614 | Orc:2    | Noticed an orc warlord
 28679 | Orc:1    | Killed an orc warlord
 29108 | Orc:2    | Found Zivul's Antique Weapon Shoppe.
 29124 | Orc:2    | Found Qiestu Cuhe's Book Boutique.
 29224 | Orc:2    | Found Xisaig's Antique Armour Emporium.
 29231 | Orc:2    | Found a staircase to the Elven Halls.
 29362 | Orc:2    | Reached skill level 14 in Unarmed Combat
 29426 | Orc:2    | Received a gift from Okawaru
 29438 | Orc:2    | Upgraded the game from 0.27-a0-538-g15ff5c5295 to
                  | 0.27-a0-550-ge92ec0ca06
 29501 | Orc:2    | Found a bloodstained altar of Trog.
 29840 | Orc:2    | Found Suhamitruqo's General Store.
 30325 | Orc:1    | Found a runed translucent door.
 30926 | Orc:2    | Bought a potion of curing for 39 gold pieces
 31828 | D:13     | Reached skill level 15 in Unarmed Combat
 32394 | D:14     | Found a gate to the Vaults.
 32763 | D:14     | Found Xise's Book Shoppe.
 32921 | D:14     | Reached skill level 5 in Spellcasting
 33168 | D:14     | Learned a level 5 spell: Irradiate
 33181 | D:15     | Entered Level 15 of the Dungeon
 33253 | D:15     | Reached XP level 16. HP: 114/114 MP: 19/24
 33257 | D:15     | Found Nool's Assorted Antiques.
 33309 | D:15     | Received a gift from Okawaru
 33597 | D:15     | Found a staircase to the Depths.
 33780 | D:15     | Reached skill level 1 in Conjurations
 34887 | Snake:1  | Entered Level 1 of the Snake Pit
 35878 | Snake:1  | Learned a level 6 spell: Eringya's Noxious Bog
 36010 | Snake:2  | Received a gift from Okawaru
 36086 | Snake:2  | Found a snail-covered altar of Cheibriados.
 36137 | Snake:2  | Slain by a mana viper

Illustrated notes

Levels and vault maps discovered:
D:1:      shiori_shiawase, layout_rooms
D:2:      layout_basic, uniq_crazy_yiuf_cottage
D:3:      layout_basic, old_standard_altar, fountainhead
D:4:      layout_loops_cross, nicolae_qazlal_style_of_elements,
          evilmike_ruin_ashenzari
D:5:      layout_basic, marbit_many_paths, nicolae_overflow_crystal_walls,
          minmay_temple_entry_ruins, uniq_sigmund, uniq_blork_the_orc,
          uniq_menkaure
D:6:      layout_basic, nicolae_ossuary_entry_plus, glass_columns_b,
          fedhas_bush_and_centaur_altar
D:7:      layout_cave_pools, serial_rivers, chequers_serial_rivers_micro_b,
          chequers_serial_rivers_marsh, chequers_serial_rivers_marsh,
          chequers_serial_rivers_micro_d, chequers_serial_rivers_small_3,
          chequers_serial_rivers_large_a, uniq_harold, uniq_maggie
D:8:      layout_rooms, grunt_decor_clamped, kennysheep_generic_room_8,
          uniq_prince_ribbit1
D:9:      layout_loops_ring, serial_shops, nicolae_shop_behind_doors,
          uniq_maurice, uniq_joseph, uniq_psyche
D:10:     layout_irregular_city, erik_orc_4, serial_shops, shop
D:11:     layout_loops_ring, erik_lair_orcish_takeover, serial_shops,
          shop_statue, elyvilon_altar_5, uniq_erica
D:12:     layout_small_grid, uniq_fannar, uniq_erolcha
D:13:     layout_loops_cross
D:14:     layout_roguey, skrybe_vaults_entry_preservation, serial_shops, shop,
          grunt_ministairs_12
D:15:     gammafunk_depths_entry_grave, layout_loops_ring, serial_bayou,
          serial_bayou_ford_a, serial_bayou_shore_a, serial_bayou_lagoon_a,
          serial_bayou_pond_e, serial_shops, shop_fountains
Temple:   minmay_crystal_spiral_temple
Lair:1:   layout_gridlike, minivault_19, beast_lair_carwin_3,
          grunt_megastairs_2, lemuel_fruit_fields, minmay_lair_oklob_chamber,
          lemuel_fruit_fields, lemuel_fruit_tree
Lair:2:   layout_hall_layers, guppyfry_snake_entry_island,
          kennysheep_abandoned_house
Lair:3:   layout_cave_pods
Lair:4:   minmay_lair_oklob_tunnel, layout_misc_corridors,
          elwin_shoals_entry_rocks
Lair:5:   layout_hall_layers, slime_altar_1, minivault_26
Lair:6:   guppyfry_lair_end_dragon, layout_regular_city,
          hangedman_lair_caniforms_friends, basic_altar, grunt_megastairs_4
Snake:1:  layout_rooms
Snake:2:  cheibrodos_snake_lava_hold, layout_layer_cave, basic_altar,
          uniq_jorgrun
Orc:1:    layout_caves, lightli_church_of_beogh
Orc:2:    grunt_orc_gardens, layout_caves, grunt_orc_garden, grunt_orc_garden,
          grunt_orc_garden, grunt_orc_garden, basic_altar, nooodl_orcs_dogs

Skill      XL: |  1  2  3  4  5  6  7  8  9 10 11 12 13 14 15 16 |
---------------+-------------------------------------------------+-----
Stealth        | 2 3 4 6 |  6.0
Fighting       | 2 3 4 5 6 8 10 11 12 | 12.0
Unarmed Combat | 4 5 6 7 8 10 12 13 15 | 15.0
Transmutations | 4 6 8 9 10 12 | 12.0
Poison Magic   | 2 3 4 |  4.9
Spellcasting   | 3 4 5 8 |  8.0
Invocations    | 3 4 5 8 9 10 | 10.0
Evocations     | 3 4 5 6 8 |  8.0
Dodging        | 4 6 8 9 10 | 10.0
Shields        | 4 |  4.0
Ice Magic      | 2 4 |  4.0
Conjurations   | 4 |  4.6

Action                   |  1- 3 |  4- 6 |  7- 9 | 10-12 | 13-15 | 16-18 || total
-------------------------+-------+-------+-------+-------+-------+-------++-------
Melee: Unarmed           |    85 |   104 |   313 |   691 |  1136 |   331 ||  2660
       Kick              |    16 |    29 |    93 |    19 |       |       ||   157
       Constrict         |    28 |    26 |    64 |    19 |    25 |     1 ||   163
       Tentacles         |    14 |    20 |    76 |    24 |    55 |     2 ||   191
       Punch             |     2 |     4 |     8 |    10 |    28 |       ||    52
Throw: Boomerang         |     4 |    12 |    13 |     1 |       |       ||    30
       Dart              |       |       |       |     1 |     4 |       ||     5
 Cast: Beastly Appendage |    14 |    20 |    39 |     8 |       |       ||    81
       Wereblood         |     4 |     3 |    16 |    27 |    55 |     8 ||   113
       Spider Form       |       |       |     5 |    36 |     8 |       ||    49
       Ice Form          |       |       |       |    39 |    81 |    24 ||   144
       Blade Hands       |       |       |       |       |    15 |       ||    15
Invok: Heroism           |       |       |       |    18 |    29 |     3 ||    50
       Finesse           |       |       |       |     1 |     2 |       ||     3
Evoke: Wand              |       |       |     2 |    15 |     7 |     3 ||    27
  Use: Scroll            |     3 |     1 |    10 |    12 |     8 |       ||    34
       Potion            |       |     2 |     4 |     3 |       |     1 ||    10
 Stab: Sleeping          |     5 |     6 |    10 |    10 |    10 |     3 ||    44
       Distracted        |       |     1 |     1 |     1 |       |       ||     3
       Invisible         |       |     4 |       |       |       |       ||     4
       Paralysed         |       |       |       |     3 |       |       ||     3
       Petrifying        |       |       |       |       |     1 |       ||     1
Armor: Skin              |     3 |     5 |    45 |    95 |   117 |    34 ||   299
Dodge: Dodged            |    34 |    60 |   161 |   528 |   780 |   157 ||  1720
Block: Buckler           |       |       |       |    12 |    12 |     5 ||    29

Table legend: (Time is in decaauts)
 A = Elapsed time spent in this place.
 B = Non-inter-level travel time spent in this place.
 C = Inter-level travel time spent in this place.
 D = Time resting spent in this place.
 E = Time spent auto-exploring this place.
 F = Levels seen in this place.
 G = Mean time per level.
                   A        B        C        D        E       F      G
               +--------+--------+--------+--------+--------+-----+--------+
         Total |  35589 |  32274 |   3315 |   7816 |  17739 |  27 | 1318.1 |
       Dungeon |  20709 |  18766 |   1943 |   4454 |  10608 |  15 | 1380.6 |
        Temple |    226 |    141 |     85 |      0 |    138 |   1 |  226.0 |
          Lair |   9630 |   8585 |   1045 |   1338 |   5446 |   6 | 1605.0 |
     Snake Pit |   1111 |   1067 |     44 |    291 |    517 |   2 |  555.5 |
  Orcish Mines |   2378 |   2182 |    196 |    645 |    955 |   2 | 1189.0 |
       Ossuary |   1533 |   1533 |      0 |   1087 |     75 |   1 | 1533.0 |
               +--------+--------+--------+--------+--------+-----+--------+

Top non-repeatable levels by time:
  Lair:6: 2403 daAuts
     D:3: 2259 daAuts
     D:7: 1826 daAuts
     D:5: 1764 daAuts
  Lair:1: 1664 daAuts
  Lair:4: 1660 daAuts
     D:4: 1631 daAuts
     D:6: 1576 daAuts
 Ossuary: 1533 daAuts
    D:15: 1461 daAuts
    D:11: 1427 daAuts
  Lair:2: 1389 daAuts
   Orc:1: 1292 daAuts
    D:10: 1279 daAuts
  Lair:3: 1263 daAuts
